 Dungeon Crawl Stone Soup version 0.31-a0-261-g072fdb8a1f (webtiles) character file.

Game seed: 17613322501599150046

3623 qw the Skirmisher (level 9, -2/79 HPs)
             Began as a Minotaur Hexslinger on July 13, 2023.
             Was a Priest of Okawaru.
             Killed by the air
             ... invoked by Gastronok
              (38 damage)
             ... on level 8 of the Dungeon.
             The game lasted 00:03:21 (8315 turns).

qw the Skirmisher (Minotaur Hexslinger)             Turns: 8315, Time: 00:03:21

Health: -2/79      AC: 12    Str: 13    XL:     9   Next: 87%
Magic:  9/11       EV: 17    Int: 10    God:    Okawaru [***...]
Gold:   322        SH:  0    Dex: 17    Spells: 9/10 levels left

rFire   + . .        Y - +0 orcbow
rCold   . . .        (shield currently unavailable)
rNeg    . . .        l - +2 leather armour {rF+}
rPois   .            (helmet restricted)
rElec   .            f - +0 cloak {rCorr}
rCorr   +            d - +2 pair of gloves
SInv    .            j - +0 pair of boots
Will    .....        (no amulet)
Stlth   +++          (no ring)
HPRegen 0.33/turn    (no ring)
MPRegen 0.12/turn

%: no passive effects
@: heroic
A: horns 2, retaliatory headbutt
a: Renounce Religion, Heroism


You were on level 8 of the Dungeon.
You worshipped Okawaru.
Okawaru was most pleased with you.
You visited 1 branch of the dungeon, and saw 8 of its levels.
You also visited: Sewer.

You collected 477 gold pieces.
You spent 155 gold pieces at shops.


Innate Abilities, Weirdness & Mutations

You have a pair of horns on your head.
You reflexively headbutt those who attack you in melee.


   Skills:
 - Level 7.0(12.0) Fighting
 + Level 11.7(16.7) Ranged Weapons
 - Level 3.1(8.1) Armour
 - Level 5.0(10.0) Dodging
 - Level 1.0 Spellcasting
 - Level 2.0 Hexes
 - Level 5.2 Invocations


You had 9 spell levels left.
You knew the following spells:

 Your Spells              Type           Power      Damage    Failure   Level
a - Slow                  Hex            16%        N/A       19%         1

Your spell library contained the following spells:

 Spells                   Type           Power      Damage    Failure   Level
 Inner Flame              Hex/Fire       2%         N/A       63%         3
 Portal Projectile        Hex/Tloc       4%         N/A       63%         3
 Cause Fear               Hex            2%         N/A       88%         4

Inventory:

Hand Weapons
 Y - a +0 orcbow (weapon)
Armour
 d - a +2 pair of gloves (worn)
 f - a +0 cloak of preservation (worn)
 j - a +0 pair of boots (worn)
 l - a +2 leather armour of fire resistance (worn)
Jewellery
 b - a ring of ice
Wands
 c - a wand of digging (10)
Scrolls
 h - a scroll of identify
 k - a scroll of teleportation
Potions
 a - a potion of enlightenment
 e - a potion of magic
 i - a potion of haste {unknown}

Dungeon Overview and Level Annotations

Branches:
Dungeon (8/15)             Temple (0/1) D:5           Sewer (visited)
   Lair: D:8-11

Altars:
Ashenzari
Cheibriados
Gozag
Makhleb
Okawaru
Sif Muna
Trog
Uskayaw
Wu Jian
The Shining One

Shops:
D:5 [

Annotations:
D:8 Gastronok


Message History

You shoot an arrow.
The arrow hits the cyclops but does no damage.
The cyclops is almost dead.
The cyclops barely misses you.
You shoot an arrow. The arrow hits the cyclops.
The cyclops is almost dead.
You shoot an arrow.
The arrow hits the cyclops but does no damage.
The cyclops is almost dead.
The cyclops closely misses you.
You shoot an arrow. The arrow barely misses the cyclops.
You shoot an arrow. The arrow hits the cyclops!
You kill the cyclops!
Okawaru is honoured by your kill.
Your life force feels restored.
You shoot an arrow. The arrow barely misses the kobold.
You shoot an arrow.
The arrow hits the kobold but does no damage.
The kobold closely misses you.
You shoot an arrow. The arrow hits the kobold!
You kill the kobold!
Okawaru accepts your kill.
You start resting.
Magic restored.
You start resting.
You feel like a meek peon again.
Gastronok the Ponderous comes into view.
He is wearing a +0 hat of see invisible.
8312 ||| INVOKING Heroism.
You gain the combat prowess of a mighty hero.
You shoot an arrow.
The arrow hits Gastronok but does no damage.
You hear a shout!
You shoot an arrow. The arrow hits Gastronok!
Gastronok is lightly wounded.
You shoot an arrow. The arrow hits Gastronok.
Gastronok is lightly wounded.
A kobold comes into view. It is wielding a +0 club.
Gastronok waves his eye-stalks in wide circles.
The air twists around and strikes you!!!
You die...

#...## #
#.....
#.#....#
##.#....#
........#
.......)#
.......)# #
#...@##.#.###
#.).<).)....#
#..###w###.##
#.. K.. ##
.### .K ##


You could see Gastronok and a kobold.

Vanquished Creatures
  Pikel (D:5)
  A cyclops (D:8)
  Maurice (D:7)
  Psyche (D:7)
  Eustachio (D:4)
  A steam dragon (D:7)
  2 orc warriors (D:6)
  A sky beast (D:7)
  An ogre (D:4)
  2 centaurs
  2 lemures (D:5)
  A kobold brigand (D:7)
  5 bullfrogs
  4 scorpions (D:5)
  2 wights (D:7)
  A howler monkey (D:6)
  4 hounds
  5 orc priests
  5 iguanas
  Ijyb (D:5)
  9 orc wizards
  4 gnolls (D:6)
  8 adders
  2 river rats (D:4)
  2 shadow imps
  2 white imps
  An ufetubus (D:6)
  A worm (D:3)
  24 orcs
  6 bats
  12 endoplasms
  12 giant cockroaches
  8 goblins
  5 hobgoblins
  6 jackals
  6 quokkas
  14 ball pythons
  11 frilled lizards
  11 kobolds
  11 rats
197 creatures vanquished.

Notes
Turn   | Place    | Note
-------+----------+-------------------------------------------
     0 | D:1      | qw the Minotaur Hexslinger began the quest for the Orb.
     0 | D:1      | Reached XP level 1. HP: 16/16 MP: 1/1
     0 | D:1      | 0 ||| qw: Version: 0.3-a-52-g30416fa
     0 | D:1      | 0 ||| qw: Game counter: 7017
     0 | D:1      | 0 ||| qw: Melee chars always use a shield: true
     0 | D:1      | 0 ||| qw: God list: Okawaru
     0 | D:1      | 0 ||| qw: Allow faded altars: false
     0 | D:1      | 0 ||| qw: Do Orc after clearing Dungeon:15 true
     0 | D:1      | 0 ||| qw: Do second Lair branch before Depths: true
     0 | D:1      | 0 ||| qw: Lair rune preference: random
     0 | D:1      | 0 ||| qw: Goals: Normal
     0 | D:1      | 0 ||| PLANNING D:1-11
    75 | D:1      | You fall into a shaft and drop 1 floor!
    89 | D:2      | Reached skill level 3 in Ranged Weapons
   123 | D:2      | Reached XP level 2. HP: 23/23 MP: 2/2
   206 | D:2      | Found a bloodstained altar of Trog.
   331 | D:2      | 331 ||| UPGRADING to +0 pair of gloves.
   336 | D:2      | 336 ||| READING scroll labelled NUVACZ DYPNYVE.
   339 | D:2      | 339 ||| READING scroll labelled ECOMUKL JESIFEE.
   340 | D:2      | 340 ||| READING scroll labelled POPPOYSANT.
   341 | D:2      | 341 ||| DROPPING scroll of poison.
   347 | D:2      | 347 ||| FLEEEEING.
   348 | D:2      | 348 ||| FLEEEEING.
   349 | D:2      | 349 ||| FLEEEEING.
   350 | D:2      | 350 ||| STAIRDANCE
   354 | D:2      | 354 ||| STAIRDANCE
   658 | D:1      | Reached XP level 3. HP: 29/29 MP: 3/3
   967 | D:1      | 967 ||| UPGRADING to +0 leather armour.
   977 | D:1      | 977 ||| DROPPING +0 robe.
   978 | D:1      | 978 ||| UPGRADING to +0 ring mail.
   988 | D:1      | 988 ||| DROPPING +0 leather armour.
   989 | D:1      | 989 ||| READING scroll labelled GIZOSURH GARAE.
  1090 | D:1      | 1090 ||| READING scroll labelled ORGHOD FUBRUR.
  1091 | D:1      | 1091 ||| READING 2 scrolls labelled WOOCREE WUYQAI.
  1092 | D:1      | 1092 ||| DROPPING scroll of vulnerability.
  1142 | D:2      | 1142 ||| STAIRDANCE
  1146 | D:2      | 1146 ||| STAIRDANCE
  1150 | D:2      | 1150 ||| STAIRDANCE
  1154 | D:2      | 1154 ||| STAIRDANCE
  1158 | D:2      | 1158 ||| STAIRDANCE
  1162 | D:2      | 1162 ||| STAIRDANCE
  1166 | D:2      | 1166 ||| STAIRDANCE
  1170 | D:2      | 1170 ||| STAIRDANCE
  1174 | D:2      | 1174 ||| STAIRDANCE
  1178 | D:2      | 1178 ||| STAIRDANCE
  1182 | D:2      | 1182 ||| STAIRDANCE
  1186 | D:2      | 1186 ||| STAIRDANCE
  1190 | D:2      | 1190 ||| STAIRDANCE
  1194 | D:2      | 1194 ||| STAIRDANCE
  1198 | D:2      | 1198 ||| STAIRDANCE
  1202 | D:2      | 1202 ||| STAIRDANCE
  1206 | D:2      | 1206 ||| STAIRDANCE
  1210 | D:2      | 1210 ||| STAIRDANCE
  1245 | D:2      | 1245 ||| FLEEEEING.
  1253 | D:2      | 1253 ||| FLEEEEING.
  1257 | D:2      | 1257 ||| FLEEEEING.
  1289 | D:2      | 1289 ||| FLEEEEING.
  1486 | D:2      | Reached skill level 4 in Ranged Weapons
  1726 | D:2      | 1726 ||| READING 2 scrolls labelled IXACE ARHAR.
  1727 | D:2      | 1727 ||| READING scroll of enchant armour.
  1727 | D:2      | 1727 ||| ENCHANTING +0 pair of gloves.
  1728 | D:2      | 1728 ||| DRINKING 2 clear potions.
  1791 | D:3      | Reached skill level 1 in Armour
  1897 | D:3      | Found a glowing golden altar of the Shining One.
  1903 | D:3      | Found a broken altar of Ashenzari.
  1907 | D:3      | Found a hide-covered altar of Uskayaw.
  1915 | D:3      | Found an ornate altar of the Wu Jian Council.
  2097 | D:3      | Reached XP level 4. HP: 36/36 MP: 4/4
  2288 | D:3      | Found an iron altar of Okawaru.
  2289 | D:3      | 2289 ||| PLANNING OKAWARU WORSHIP
  2289 | D:3      | 2289 ||| READING scroll labelled KAPUUQ DEBB.
  2290 | D:3      | 2290 ||| READING scroll labelled DUXTAE RIJEOQA.
  2291 | D:3      | 2291 ||| DRINKING 2 blue potions.
  2292 | D:3      | 2292 ||| DROPPING potion of brilliance.
  2300 | D:3      | Became a worshipper of Warmaster Okawaru
  2301 | D:3      | 2301 ||| PLANNING D:1-11
  2405 | D:4      | 2405 ||| PLANNING SEWER
  2563 | D:4      | Noticed an ogre
  2568 | D:4      | Killed an ogre
  2569 | D:4      | Reached skill level 5 in Ranged Weapons
  2569 | D:4      | Reached XP level 5. HP: 41/41 MP: 5/5
  2590 | D:4      | 2590 ||| Stepping ~*~*~tactically~*~*~ (water).
  2618 | D:4      | HP: 9/44 [orc priest/+0 hand axe (3)]
  2619 | D:4      | 2619 ||| READING scroll of teleportation.
  2620 | D:4      | 2620 ||| DRINKING 3 potions of heal wounds.
  2698 | D:4      | 2698 ||| SWAPPING to +2 sling of flaming.
  2699 | D:4      | 2699 ||| DROPPING +2 sling.
  2710 | D:4      | Noticed Eustachio
  2725 | D:4      | Killed Eustachio
  2725 | D:4      | Reached * piety under Okawaru
  2726 | D:4      | Reached XP level 6. HP: 27/55 MP: 6/6
  2753 | D:4      | 2753 ||| FLEEEEING.
  2754 | D:4      | 2754 ||| FLEEEEING.
  2852 | D:4      | 2852 ||| INVOKING Heroism.
  2927 | D:4      | Found a glowing drain.
  2930 | D:4      | 2930 ||| Stepping ~*~*~tactically~*~*~ (outnumbered).
  2941 | Sewer    | Entered a sewer
  2953 | Sewer    | 2953 ||| Stepping ~*~*~tactically~*~*~ (water).
  2960 | Sewer    | 2960 ||| Stepping ~*~*~tactically~*~*~ (water).
  2988 | Sewer    | 2988 ||| Stepping ~*~*~tactically~*~*~ (water).
  2994 | Sewer    | 2994 ||| Stepping ~*~*~tactically~*~*~ (water).
  3015 | Sewer    | 3015 ||| Stepping ~*~*~tactically~*~*~ (water).
  3030 | Sewer    | 3030 ||| Stepping ~*~*~tactically~*~*~ (water).
  3032 | Sewer    | Reached skill level 1 in Invocations
  3040 | Sewer    | 3040 ||| Stepping ~*~*~tactically~*~*~ (water).
  3060 | Sewer    | 3060 ||| Stepping ~*~*~tactically~*~*~ (water).
  3062 | Sewer    | 3062 ||| Stepping ~*~*~tactically~*~*~ (water).
  3065 | Sewer    | 3065 ||| Stepping ~*~*~tactically~*~*~ (water).
  3073 | Sewer    | 3073 ||| Stepping ~*~*~tactically~*~*~ (water).
  3076 | Sewer    | 3076 ||| Stepping ~*~*~tactically~*~*~ (water).
  3097 | Sewer    | 3097 ||| Stepping ~*~*~tactically~*~*~ (water).
  3110 | Sewer    | 3110 ||| Stepping ~*~*~tactically~*~*~ (water).
  3116 | Sewer    | 3116 ||| Stepping ~*~*~tactically~*~*~ (water).
  3132 | Sewer    | 3132 ||| Stepping ~*~*~tactically~*~*~ (water).
  3134 | Sewer    | 3134 ||| Stepping ~*~*~tactically~*~*~ (water).
  3148 | Sewer    | 3148 ||| Stepping ~*~*~tactically~*~*~ (water).
  3159 | Sewer    | 3159 ||| Stepping ~*~*~tactically~*~*~ (water).
  3168 | Sewer    | Reached skill level 6 in Ranged Weapons
  3175 | Sewer    | 3175 ||| Stepping ~*~*~tactically~*~*~ (water).
  3178 | Sewer    | 3178 ||| Stepping ~*~*~tactically~*~*~ (water).
  3209 | Sewer    | 3209 ||| Stepping ~*~*~tactically~*~*~ (water).
  3231 | Sewer    | 3231 ||| DROPPING amulet of guardian spirit.
  3246 | D:4      | 3246 ||| PLANNING D:1-11
  3337 | D:4      | 3337 ||| INVOKING Heroism.
  3348 | D:4      | Reached XP level 7. HP: 60/60 MP: 5/7
  4047 | D:4      | 4047 ||| READING 2 scrolls of identify.
  4047 | D:4      | 4047 ||| IDENTIFYING glowing purple potion
  4048 | D:4      | 4048 ||| DROPPING potion of degeneration.
  4079 | D:5      | Entered Level 5 of the Dungeon
  4112 | D:5      | Found Vyiqeg's Antique Armour Boutique.
  4150 | D:5      | 4150 ||| BUYING runed leather armour (155 gold).
  4150 | D:5      | Bought a runed leather armour for 155 gold pieces
  4150 | D:5      | 4150 ||| SHOPLISTING runed robe (114 gold, have 105).
  4157 | D:5      | Reached skill level 3 in Invocations
  4278 | D:5      | Noticed Ijyb
  4279 | D:5      | 4279 ||| INVOKING Heroism.
  4289 | D:5      | Noticed Pikel
  4295 | D:5      | Killed Ijyb
  4299 | D:5      | HP: 15/60 [lemure[Pikel] (3)]
  4300 | D:5      | 4300 ||| READING scroll of teleportation.
  4301 | D:5      | 4301 ||| DRINKING 2 potions of heal wounds.
  4303 | D:5      | 4303 ||| DRINKING potion of heal wounds.
  4462 | D:5      | 4462 ||| READING scroll of enchant weapon.
  4462 | D:5      | 4462 ||| ENCHANTING +2 sling of flaming.
  4554 | D:5      | Reached skill level 7 in Ranged Weapons
  4656 | D:5      | Found a staircase to the Ecumenical Temple.
  4688 | D:5      | 4688 ||| INVOKING Heroism.
  4703 | D:5      | HP: 12/60 [lemure[Pikel] (5)]
  4703 | D:5      | HP: 5/60 [lemure[Pikel] (1)]
  4704 | D:5      | Killed Pikel
  4704 | D:5      | Reached ** piety under Okawaru
  4705 | D:5      | Reached skill level 8 in Ranged Weapons
  4705 | D:5      | Reached XP level 8. HP: 6/67 MP: 7/10
  5196 | D:5      | Found a bloodstained altar of Trog.
  5196 | D:5      | Found a snail-covered altar of Cheibriados.
  5323 | D:5      | 5323 ||| UPGRADING to +0 pair of boots.
  5328 | D:5      | 5328 ||| UPGRADING to +2 leather armour of fire resistance.
  5338 | D:5      | 5338 ||| DROPPING +0 ring mail.
  5339 | D:5      | 5339 ||| DRINKING 2 black potions.
  5340 | D:5      | 5340 ||| DRINKING 2 fuming emerald potions.
  5395 | D:5      | 5395 ||| READING 2 scrolls of identify.
  5395 | D:5      | 5395 ||| IDENTIFYING bubbling black potion
  5396 | D:5      | 5396 ||| DROPPING potion of lignification.
  5430 | D:6      | Found a shimmering blue altar of Sif Muna.
  5514 | D:6      | Reached *** piety under Okawaru
  5602 | D:6      | Reached skill level 3 in Dodging
  5671 | D:6      | 5671 ||| INVOKING Heroism.
  5675 | D:6      | 5675 ||| Stepping ~*~*~tactically~*~*~ (outnumbered).
  5678 | D:6      | 5678 ||| Stepping ~*~*~tactically~*~*~ (outnumbered).
  5689 | D:6      | Reached skill level 9 in Ranged Weapons
  5892 | D:6      | Found a burning altar of Makhleb.
  5899 | D:6      | Noticed a green death
  6130 | D:6      | Reached skill level 6 in Fighting
  6192 | D:6      | 6192 ||| INVOKING Heroism.
  6278 | D:6      | 6278 ||| SWAPPING to +0 orcbow.
  6279 | D:6      | 6279 ||| DROPPING +3 sling of flaming.
  6287 | D:6      | 6287 ||| READING scroll of enchant armour.
  6287 | D:6      | 6287 ||| ENCHANTING +1 pair of gloves.
  6389 | D:6      | 6389 ||| READING scroll labelled XOYMIP OQAIRA.
  6412 | D:7      | 6412 ||| INVOKING Heroism.
  6424 | D:7      | Reached XP level 9. HP: 43/75 MP: 9/11
  6427 | D:7      | 6427 ||| STAIRDANCE
  6429 | D:6      | HP: 15/75 [orc warrior/+0 mace (7)]
  6434 | D:6      | HP: 9/75 [something (4)]
  6436 | D:6      | HP: 3/75 [something/puff of flame (2)]
  6689 | D:7      | Reached skill level 10 in Ranged Weapons
  6689 | D:7      | 6689 ||| INVOKING Heroism.
  7241 | D:7      | 7241 ||| Stepping ~*~*~tactically~*~*~ (outnumbered).
  7262 | D:7      | 7262 ||| INVOKING Heroism.
  7702 | D:7      | Found an opulent altar of Gozag.
  7707 | D:7      | 7707 ||| DRINKING 2 brown potions.
  7708 | D:7      | 7708 ||| READING 2 scrolls of identify.
  7708 | D:7      | 7708 ||| IDENTIFYING lumpy red potion
  7709 | D:7      | 7709 ||| DROPPING potion of invisibility.
  7742 | D:8      | 7742 ||| STAIRDANCE
  7742 | D:8      | Noticed Maurice
  7845 | D:8      | Noticed Psyche
  7846 | D:8      | 7846 ||| INVOKING Heroism.
  7864 | D:8      | 7864 ||| STAIRDANCE
  7878 | D:7      | HP: 29/118 [poisoned by Psyche (arc of chaos)]
  7893 | D:7      | HP: 19/79 [something (3)]
  7898 | D:7      | HP: 14/79 [something (2)]
  7904 | D:7      | HP: 9/118 [something/chain of chaos (1)]
  7907 | D:7      | 7907 ||| DRINKING potion of heal wounds.
  7908 | D:7      | 7908 ||| INVOKING Heroism.
  7909 | D:7      | Killed Psyche
  7909 | D:7      | HP: 19/79 [poisoned by Psyche]
  7910 | D:7      | Reached skill level 11 in Ranged Weapons
  7925 | D:7      | Killed Maurice
  8112 | D:7      | 8112 ||| UPGRADING to +0 cloak of preservation.
  8142 | D:8      | 8142 ||| STAIRDANCE
  8145 | D:7      | 8145 ||| INVOKING Heroism.
  8151 | D:7      | Reached skill level 3 in Armour
  8286 | D:8      | Noticed a cyclops
  8287 | D:8      | 8287 ||| INVOKING Heroism.
  8290 | D:8      | 8290 ||| Stepping ~*~*~tactically~*~*~ (outnumbered).
  8301 | D:8      | Killed a cyclops
  8311 | D:8      | Noticed Gastronok
  8312 | D:8      | 8312 ||| INVOKING Heroism.
  8315 | D:8      | Killed from afar by Gastronok

Levels and vault maps discovered:
D:1:      spicycebolla_arrival_ecumenical, layout_basic, minmay_door_square,
          chequers_jeans
D:2:      layout_basic, basic_altar
D:3:      layout_rooms, nicolae_overflow_macrodata_refinement,
          mainiacjoe_overflow_boulevard, minivault_24
D:4:      layout_layer_cave, serial_bayou, serial_bayou_lagoon_a,
          serial_bayou_ford_a, serial_bayou_shore_b, serial_bayou_lagoon_b,
          portal_sewer_entry_b, chequers_big_river, uniq_eustachio
D:5:      layout_cave_pods, amethyst_overflow_temple_binary,
          minmay_temple_entry_overgrown, serial_shops,
          nicolae_shop_gibbet_a_chance, kennysheep_generic_room_15, uniq_pikel,
          uniq_ijyb
D:6:      layout_gridville, makhleb_altar_promises_db,
          nicolae_sif_muna_condensation
D:7:      layout_layer_cave, grunt_gozag_breadcrumbs
D:8:      layout_basic, enter_bailey_3, serial_shops, shop, uniq_maurice,
          uniq_gastronok, uniq_psyche

Skill      XL: |  1  2  3  4  5  6  7  8  9 |
---------------+----------------------------+-----
Ranged Weapons | 3 4 5 6 8 9 11 | 11.7
Fighting       | 2 4 6 7 |  7.0
Armour         | 1 2 3 |  3.1
Invocations    | 2 5 |  5.2
Dodging        | 3 5 |  5.0
Spellcasting   | |  1.0
Hexes          | |  2.0

Action                     |  1- 3 |  4- 6 |  7- 9 || total
---------------------------+-------+-------+-------++-------
   Fire: Sling             |   108 |   162 |   184 ||   454
         Orcbow            |       |       |   218 ||   218
 Invoke: Heroism           |       |     2 |    12 ||    14
    Use: Scroll            |     8 |     3 |     7 ||    18
         Potion            |     1 |     2 |     6 ||     9
 Armour: Robe              |     4 |       |       ||     4
         Ring mail         |    17 |    16 |    26 ||    59
         Leather armour    |       |       |    70 ||    70
         Skin              |       |       |    13 ||    13
  Dodge: Dodged            |    20 |    44 |   153 ||   217

Table legend:
 A = Non-vault XP
 B = Vault XP
 C = Vault XP percentage of total XP
 D = Non-vault monster count
 E = Vault monster count
 F = Vault count percentage of total count
                 A         B        C        D         E       F
            +---------+---------+-------+---------+---------+-------
      Total |    3650 |    1526 |  29.5 |     140 |      54 |  27.8
            +---------+---------+-------+---------+---------+-------
        D:1 |      23 |       0 |   0.0 |      16 |       0 |   0.0
        D:2 |      52 |       0 |   0.0 |      17 |       0 |   0.0
        D:3 |      39 |       0 |   0.0 |      20 |       0 |   0.0
        D:4 |     254 |     218 |  46.2 |      11 |       8 |  42.1
        D:5 |     576 |     706 |  55.1 |      18 |       3 |  14.3
        D:6 |     787 |       0 |   0.0 |      18 |       0 |   0.0
        D:7 |    1261 |     412 |  24.6 |      36 |       2 |   5.3
        D:8 |     658 |       6 |   0.9 |       4 |       3 |  42.9
      Sewer |       0 |     184 | 100.0 |       0 |      38 | 100.0
            +---------+---------+-------+---------+---------+-------
